 Dungeon Crawl Stone Soup version 0.22.1-5-g62c59d9 (webtiles) character file.

3272 Fang the Cleaver (level 10, -1/63 HPs)
             Began as a Gargoyle Berserker on Jan 7, 2019.
             Was an Elder of Trog.
             Slain by a killer bee (3 damage)
             ... on level 8 of the Dungeon.
             The game lasted 00:07:40 (6370 turns).

Fang the Cleaver (Gargoyle Berserker)               Turns: 6370, Time: 00:07:41

Health: -1/63      AC: 19    Str: 24    XL:     10   Next: 0%
Magic:  10/10      EV:  7    Int:  8    God:    Trog [****..]
Gold:   343        SH:  0    Dex:  9    Spells: 9/9 levels left

rFire    . . .     SeeInvis .   s - +0 war axe
rCold    . . .     Gourm    +   (no shield)
rNeg     + . .     Faith    .   A - +0 plate armour
rPois    ∞         Spirit   .   (no helmet)
rElec    +         Reflect  .   (no cloak)
rCorr    .         Harm     .   (no gloves)
MR       .....                  (no boots)
Stlth    ..........             e - amulet of the gourmand
HPRegen  0.20/turn              (no ring)
MPRegen  0.12/turn              (no ring)

@: berserk cooldown, slowed, drained, very slow
A: negative energy resistance 1, electricity resistance, unbreathing,
petrification resistance, rot immunity, AC +7
a: Berserk, Trog's Hand, Brothers in Arms, Renounce Religion


You were on level 8 of the Dungeon.
You worshipped Trog.
Trog was greatly pleased with you.
You were very full.

You visited 2 branches of the dungeon, and saw 9 of its levels.

You collected 343 gold pieces.

Inventory:

Hand Weapons
 s - a +0 war axe (weapon)
Armour
 A - a +0 plate armour (worn)
Jewellery
 a - an uncursed amulet of harm
 e - an amulet of the gourmand (around neck)
Wands
 r - a wand of iceblast (10)
Scrolls
 d - a scroll of amnesia {unknown}
 g - 5 scrolls of identify {unknown}
 h - 5 scrolls of enchant armour {unknown}
 j - 4 scrolls of teleportation {unknown}
 m - a scroll of blinking {unknown}
 n - a scroll of fear {unknown}
 p - a scroll of fog {unknown}
 t - a scroll of summoning {unknown}
 w - a scroll of remove curse {unknown}
 x - a scroll of enchant weapon {unknown}
 y - a scroll of immolation {unknown}
Potions
 b - 2 potions of flight {unknown}
 f - a potion of magic {unknown}
 i - 3 potions of heal wounds
 k - 2 potions of brilliance {unknown}
 l - a potion of resistance {unknown}
 o - 3 potions of curing {unknown}
 u - 2 potions of might {unknown}
 v - 2 potions of haste {unknown}
Comestibles
 c - 19 rations


   Skills:
 + Level 7.3(6.4) Fighting
 + Level 10.0(9.0) Axes
 + Level 6.8(5.9) Armour
 + Level 2.5(1.7) Dodging
 + Level 0.5(0.0) Stealth


You had 9 spell levels left.
You didn't know any spells.
Your spell library was empty.

Dungeon Overview and Level Annotations

Branches:
Dungeon (8/15)             Temple (1/1) D:7
   Lair: D:8-11

Altars:
Elyvilon
Kikubaaqudgha
Nemelex Xobeh
Qazlal
Ru
Trog
Wu Jian
The Shining One

Annotations:
D:6 1 runed door, cdecastro's ghost, novice TeSu
D:7 3 runed doors, volkyre's ghost, novice TrFi


Innate Abilities, Weirdness & Mutations

You are resistant to torment.
Your stone body is resilient. (AC +7)
You are immune to poison.
You resist negative energy. (rN+)
You are resistant to electric shocks. (rElec)
You can survive without breathing.
You are immune to petrification.
You are immune to rotting.


Message History

The killer bee stings you but does no damage.
The killer bee closely misses you.
The killer bee stings you but does no damage. x2
The killer bee closely misses you.
Your ogre misses the killer bee. The killer bee stings you.
* * * LOW HITPOINT WARNING * * *
The killer bee barely misses you.
The killer bee stings you but does no damage.
Your ogre closely misses the killer bee.
The killer bee stings you but does no damage.
The killer bee barely misses you. The killer bee stings you.
* * * LOW HITPOINT WARNING * * *
The killer bee stings you but does no damage.
Your ogre hits the killer bee with a giant club!!!
The killer bee dies!
Trog accepts your kill.
You have reached level 10!
The killer bee stings you.
You die...

..# #.......# ..###
#.......# ....####
#.......# ..#....##
#.......#
...<....######"#..####
......#...####.##....#
##....###...##.#####.#
##.....####.(....y##.##
#..............@†....#
#....########.#.O..#.#
# ##....#
#.#....#.####.. ......#
#.#....#.#....# .(#...#
.#.#............#
..##..##
.................
.......##
.#....†.†........
###(.....
........†........
...#.....
..#...............


You could see a killer bee and a friendly ogre (berserk).

Vanquished Creatures
  Joseph (D:7)
  A hippogriff (D:7)
  Menkaure (D:6)
  An ice beast (D:7)
  3 orc warriors (D:7)
  4 ogres
  A crocodile (D:7)
  A centaur (D:6)
  A bullfrog (D:6)
  3 scorpions
  10 killer bees
  3 howler monkeys
  5 crimson imps
  2 hounds
  A jelly (D:6)
  2 bullfrog skeletons
  3 centaur skeletons
  3 orc priests
  3 orc wizards
  An iguana (D:5)
  5 worker ants
  A killer bee zombie (D:5)
  A hound skeleton (D:7)
  A mummy (D:7)
  8 adders
  A gnoll (D:1)
  2 shadow imps (D:7)
  2 adder skeletons
  An adder zombie (D:8)
  5 worms
  A dart slug (D:1)
  6 leopard geckos
  27 orcs
  A ball python (D:1)
  4 giant cockroaches
  9 goblins
  8 hobgoblins
  13 jackals
  2 quokkas
  6 bats
  8 frilled lizards
  6 kobolds
  2 leopard gecko skeletons
  8 rats
178 creatures vanquished.

Vanquished Creatures (collateral kills)
  A killer bee (D:8)
1 creature vanquished.

Vanquished Creatures (others)
  A quokka (D:7)
  A ball python (D:3)
2 creatures vanquished.

Grand Total: 181 creatures vanquished

Notes
Turn   | Place    | Note
-------+----------+-------------------------------------------
     0 | D:1      | Fang the Gargoyle Berserker began the quest for the Orb.
     0 | D:1      | Reached XP level 1. HP: 14/14 MP: 1/1
   211 | D:1      | Reached XP level 2. HP: 19/19 MP: 2/2
   217 | D:1      | Reached skill level 3 in Axes
   271 | D:1      | Reached XP level 3. HP: 5/24 MP: 3/3
   271 | D:1      | Reached ** piety under Trog
  1123 | D:2      | Found a stormy altar of Qazlal.
  1519 | D:2      | Reached XP level 4. HP: 26/29 MP: 4/4
  1524 | D:2      | You fall through a shaft!
  1622 | D:3      | Reached skill level 4 in Axes
  1622 | D:3      | Reached XP level 5. HP: 4/33 MP: 5/5
  2368 | D:3      | Found a white marble altar of Elyvilon.
  2694 | D:4      | Reached XP level 6. HP: 38/38 MP: 6/6
  2788 | D:4      | Reached skill level 5 in Axes
  3174 | D:4      | Reached XP level 7. HP: 41/44 MP: 7/7
  3190 | D:4      | Found a sparkling altar of Nemelex Xobeh.
  3190 | D:4      | Found an ancient bone altar of Kikubaaqudgha.
  3191 | D:4      | Found a sacrificial altar of Ru.
  3308 | D:5      | Entered Level 5 of the Dungeon
  3381 | D:5      | Found a bloodstained altar of Trog.
  3425 | D:5      | Reached *** piety under Trog
  3632 | D:5      | Reached skill level 5 in Armour
  3902 | D:5      | Reached skill level 5 in Fighting
  3902 | D:5      | Reached skill level 6 in Axes
  4112 | D:6      | Found an ornate altar of the Wu Jian Council.
  4351 | D:6      | Reached XP level 8. HP: 38/49 MP: 8/8
  4520 | D:6      | Noticed Menkaure
  4527 | D:6      | Killed Menkaure
  4527 | D:6      | Reached skill level 7 in Axes
  4641 | D:6      | Found a runed door.
  4727 | D:6      | Noticed cdecastro's ghost (novice TeSu)
  5065 | D:7      | Found a glowing golden altar of the Shining One.
  5125 | D:7      | Reached skill level 8 in Axes
  5133 | D:7      | Reached XP level 9. HP: 9/55 MP: 9/9
  5435 | D:7      | Noticed Joseph
  5450 | D:7      | Killed Joseph
  5464 | D:7      | Reached **** piety under Trog
  5467 | D:7      | Reached skill level 9 in Axes
  5668 | D:7      | Found a runed gate.
  5669 | D:7      | Found a runed gate.
  5670 | D:7      | Found a runed gate.
  5670 | D:7      | Noticed volkyre's ghost (novice TrFi)
  5882 | D:7      | Found a staircase to the Ecumenical Temple.
  6109 | Temple   | Entered the Ecumenical Temple
  6349 | D:8      | Reached skill level 10 in Axes
  6370 | D:8      | HP: 2/57 [killer bee (3)]
  6370 | D:8      | Reached XP level 10. HP: 2/63 MP: 10/10
  6370 | D:8      | Slain by a killer bee

Skill      XL: |  1  2  3  4  5  6  7  8  9 |
---------------+----------------------------+-----
Axes           | 3 4 5 6 8 10 | 10.0
Fighting       | 4 5 6 7 |  7.3
Armour         | 3 4 5 6 |  6.8
Dodging        | 2 |  2.5
Stealth        | |  0.5

Action                   |  1- 3 |  4- 6 |  7- 9 | 10-12 || total
-------------------------+-------+-------+-------+-------++-------
Melee: Hand axe          |   118 |   211 |   124 |       ||   453
       War axe           |       |       |   220 |       ||   220
Invok: Berserk           |     1 |       |     5 |       ||     6
       Brothers in Arms  |       |       |     1 |       ||     1
  Use: Potion            |       |       |     1 |       ||     1
  Eat: Chunk             |    15 |     6 |    14 |       ||    35
Armor: Chain mail        |    75 |   151 |   190 |       ||   416
       Plate armour      |       |       |    94 |       ||    94
Dodge: Dodged            |    58 |    95 |   209 |       ||   362
